 Dungeon Crawl Stone Soup version 0.19-a0-330-g034cfd4 (webtiles) character file.

96229 Gorice the Fighter (level 15, 0/127 HPs)
             Began as a Mummy Chaos Knight on May 27, 2016.
             Slain by an orc warlord
             ... wielding a +0 bardiche
              (31 damage)
             ... on level 2 of the Orcish Mines on May 28, 2016.
             The game lasted 03:25:04 (46691 turns).

Gorice the Fighter (Mummy Chaos Knight)            Turns: 46691, Time: 03:25:05

Health: 0/127      AC: 29    Str: 21    XL:     15   Next: 68%
Magic:  0/40       EV:  7    Int: 26    God:    Xom [..*...]
Gold:   199        SH:  0    Dex: 12    Spells: 0 memorised, 14 levels left

rFire  + . .     SeeInvis .     a - +2 whip (elec)
rCold  + . .     Gourm    .     z - +6 plate armour "Umirphear" {Int+7 Stlth+}
rNeg   + + +     Faith    .     (no shield)
rPois  ∞         Spirit   +     E - +0 helmet {rF+}
rElec  .         Dismiss  .     h - +0 cloak of Yredelemnul's Favour {MP+9 Str+2 Int+6 Dex-4}
rCorr  .         Reflect  .     L - +2 pair of gloves {Dex+3}
SustAt .         Harm     .     (no boots)
MR     +....                    d - amulet of guardian spirit
Stlth  ..........               k - ring of protection from fire
                                b - ring of magical power

@: liquefying, slowed movement, very slow, somewhat resistant to hostile
enchantments, extremely unstealthy
A: no food or potions, fire vulnerability, cold resistance 1, negative energy
resistance 3, torment resistance, unbreathing, in touch with death 1, restore
body
a: Self-Restoration, Renounce Religion


You were on level 2 of the Orcish Mines.
You worshipped Xom.
You were a toy of Xom.
You were not hungry.

You visited 3 branches of the dungeon, and saw 23 of its levels.
You also visited: Labyrinth, Bailey and Volcano.

You collected 2904 gold pieces.
You spent 2705 gold pieces at shops.

Inventory:

Hand Weapons
 a - a +2 whip of electrocution (weapon)
   (You found it on level 2 of the Dungeon)
 p - a +1 mace of protection
   (You took it off an orc priest on level 1 of the Orcish Mines)
 A - a +3 great mace of crushing
   (You acquired it on level 8 of the Dungeon)
 B - a +0 blowgun
Missiles
 r - 31 tomahawks
 v - 9 curare-tipped needles
 w - 7 poisoned javelins (quivered)
 x - 8 tomahawks of returning
 S - 7 javelins
 Z - 549 stones
Armour
 h - the +0 cloak of Yredelemnul's Favour (worn) {MP+9 Str+2 Int+6 Dex-4}
   (You bought it in a shop on level 2 of the Orcish Mines)

   It affects your strength (+2).
   It affects your intelligence (+6).
   It affects your dexterity (-4).
   It affects your magic capacity (+9).
 m - a +0 plate armour
 z - the +6 plate armour "Umirphear" (worn) {Int+7 Stlth+}
   (You bought it in a shop on level 2 of the Orcish Mines)

   It affects your intelligence (+7).
   It makes you more stealthy.
 E - a +0 helmet of fire resistance (worn)
   (You found it in a volcano)
 L - a +2 pair of gloves of dexterity (worn)
   (You bought it in a shop on level 2 of the Orcish Mines)
Rods
 l - a +3 rod of clouds (2/9) {!a}
   (Xom gifted it to you on level 6 of the Lair of Beasts)
 C - a -1 rod of clouds (5/11) {!a}
   (You took it off an orc on level 7 of the Dungeon)
Jewellery
 b - a ring of magical power (left hand)
 c - an uncursed ring of see invisible
 d - an amulet of guardian spirit (around neck)
 k - a ring of protection from fire (right hand)
Wands
 e - a wand of digging (13/24)
 f - a wand of confusion (22/48)
 g - a wand of heal wounds (7/9) {!d}
 i - a wand of flame (12/48)
 n - a wand of teleportation (1/9) {!d}
 u - a wand of acid (9/15)
 G - a wand of lightning (8/15)
 I - a wand of acid (1/15)
 J - a wand of lightning (2/15)
 K - a wand of hasting (6/9) {!d}
 O - a wand of disintegration (10/24)
Scrolls
 j - 2 scrolls of remove curse
 q - a scroll of blinking
 s - 3 scrolls of teleportation {!r}
 y - 2 scrolls of magic mapping {!r}
 F - a scroll of summoning {!r}
 M - 2 scrolls of fog
 N - 5 scrolls of identify
 P - a scroll of enchant armour
Books
 o - a Necronomicon
Miscellaneous
 t - a box of beasts {used: 1}
 D - a lamp of fire
 H - a sack of spiders {used: 1}


   Skills:
 + Level 14.6 Fighting
 - Level 12.0 Maces & Flails
 + Level 13.7 Armour
 - Level 0.7 Dodging
 - Level 10.0 Evocations


You had 14 spell levels left.
You didn't know any spells.

Dungeon Overview and Level Annotations

Branches:
Dungeon (13/15)            Temple (0/1) D:5            Lair (8/8) D:8
  Swamp (0/4) Lair:6        Snake (0/4) Lair:6        Slime (0/6) Lair:6
    Orc (2/2) D:10            Elf (0/3) Orc:2
 Vaults: D:13-14

Altars:
Dithmenos
Gozag
Hepliaklqana
Nemelex Xobeh
Qazlal
Ru
Sif Muna
Trog
Xom
Yredelemnul
The Shining One
Beogh

Shops:
D:11 :   Orc:1 }   Orc:2 [[[

Annotations:
D:6 Sigmund
Lair:7 exclusion: downstairs
Lair:8 1 runed door, exclusion: oklob plant
Orc:2 St Roka!, Saint Roka


Innate Abilities, Weirdness & Mutations

You do not eat or drink.
Your flesh is vulnerable to fire.
You are immune to poison.
Your flesh is cold resistant. (rC+)
You are immune to negative energy. (rN+++)
You are immune to unholy pain and torment.
You can survive without breathing.
You are in touch with the powers of death.
You can restore your body by infusing magical energy.


Message History

You closely miss the orc warlord.
The orc warlord is heavily wounded.
The orc warlord becomes momentarily stuck in the liquid earth.
The orc shouts!
You hit the orc warlord but do no damage.
There is a sudden explosion of sparks!
The orc warlord is severely wounded.
Your unstable footing causes you to fumble your attack.
You hit the orc warlord but do no damage.
There is a sudden explosion of sparks!
The orc warlord is severely wounded.
The orc warlord roars a battlecry!
The orc goes into a battle-frenzy!
The orc warlord hits you with a bardiche!
* * * LOW HITPOINT WARNING * * *
Damage: 10 (max 16)
You hit the orc warlord.
The orc warlord is almost dead.
Your unstable footing causes you to fumble your attack.
Xom makes a sudden noise!
You hear a screech!
You hear a shout! x2
Reactivating autopickup.
You feel a bit more experienced.
Your unstable footing causes you to fumble your attack.
The orc warlord becomes momentarily stuck in the liquid earth.
Your unstable footing causes you to fumble your attack.
Saint Roka roars a battlecry!
The orc goes into a battle-frenzy!
Your unstable footing causes you to fumble your attack.
Unknown command.
You barely miss the orc warlord.
The orc warlord is almost dead.
Saint Roka roars a battlecry!
The orc warlord goes into a battle-frenzy!
The orc warlord hits you with a bardiche!!
* * * LOW HITPOINT WARNING * * *
Damage: 21 (max 21)
You closely miss the orc warlord.
The orc warlord is almost dead.
You hit the orc warlord but do no damage.
The orc warlord is almost dead.
Saint Roka invokes the aid of Beogh against you.
Beogh smites you!
* * * LOW HITPOINT WARNING * * *
Damage: 11 (max 21)
You hit the orc warlord but do no damage.
The orc warlord is almost dead.
The orc warlord hits you with a bardiche!!!
You die...
Xom chortles!

##............## #'###'##8.#..#
..............# o o..........'.8.
....#.........# oo...8{.....'...
..............# oo.....o.o..'.8.
...........oo.## #'###'##8.#...
...............# o #. ####.#.
..#............## T # #.o..
...#...........o### ##....
...#............@o##########†.#.#
...##.#..........[()§)§§)o)..#...
#.....#...#......##############.#
.......#.........## ###
#.....#...........#
#.........#.#.##.##
##.#.....######### ##.#......###
#.....#.[[#)##


You could see Saint Roka, an orc warlord and 2 orcs.

Vanquished Creatures
  Frances (D:12)
  Nessos (Lair:6)
  Snorg (D:11)
  2 fire dragons (Lair:8)
  A minotaur (Lab)
  Harold (D:11)
  Fannar (D:11)
  8 hydras
  A centaur warrior (D:13)
  A catoblepas (Lair:7)
  Erica (D:11)
  A queen ant (Lair:4)
  2 orc high priests
  7 death yaks
  Urug (Lair:4)
  Sonja (D:11)
  An unseen horror (D:10)
  5 skeletal warriors
  2 orc knights
  3 hill giants (D:10)
  3 lindwurms
  A harpy (D:9)
  2 griffons
  3 orc sorcerers (Orc:2)
  4 elephants (Lair:7)
  An ugly thing (D:12)
  Maurice (D:8)
  Psyche (D:11)
  2 gargoyles
  5 black mambas
  18 spiny frogs
  7 torpor snails
  4 rime drakes
  15 komodo dragons
  5 giant leeches (Lair:8)
  A tengu conjurer (D:13)
  4 trolls
  A wind drake (Lair:5)
  A minotaur skeleton (Lab)
  2 polar bears
  11 blink frogs
  15 slime creatures
  A shadow (D:13)
  6 wraiths
  68 yaks
  2 vampires
  3 wyverns
  6 fire bats (Volcano)
  A steam dragon (Lair:8)
  5 hungry ghosts
  Grum (D:11)
  14 hippogriffs
  10 basilisks
  2 mottled dragons
  Menkaure (D:7)
  20 soldier ants (Lair:4)
  2 nagas (Lair:6)
  8 wargs
  18 water moccasins
  A hell hound (Volcano)
  32 orc warriors
  8 porcupines
  2 sky beasts
  3 phantoms
  4 ice beasts
  4 swamp drakes
  4 wasps
  6 black bears
  12 ogres
  2 centaurs
  17 wolves
  19 crocodiles
  3 big kobolds
  17 giant frogs
  A gnoll sergeant (D:11)
  2 wyvern skeletons
  8 scorpions
  18 killer bees
  8 wights
  5 electric eels
  2 howler monkeys (D:7)
  5 crimson imps
  2 hounds
  2 quasits
  2 giant frog zombies
  31 orc wizards
  21 orc priests
  2 centaur skeletons
  10 jellies
  3 giant frog skeletons
  Crazy Yiuf (D:3)
  16 iguanas
  31 worker ants
  9 sheep
  2 hound zombies
  A hound skeleton (D:4)
  A howler monkey zombie (D:6)
  14 adders
  5 gnolls
  47 river rats
  2 shadow imps
  An adder zombie (D:8)
  An adder skeleton (D:7)
  10 dart slugs
  19 worms
  7 giant geckos
  112 orcs
  12 bats
  A giant cockroach (shapeshifter) (Lair:4)
  3 giant cockroaches
  11 goblins
  9 hobgoblins
  26 jackals
  5 quokkas
  3 ball pythons
  A giant gecko skeleton (D:5)
  7 giant newts
  A jackal skeleton (D:6)
  32 kobolds
  11 rats
  A bush (D:2)
  A fungus (D:3)
  A plant (Lair:1)
977 creatures vanquished.

Vanquished Creatures (collateral kills)
  An acid blob (Lair:8)
  Josephine (Orc:2)
  A spiny frog (Lair:7)
  A wraith (Orc:1)
  A yak (Lair:8)
  A hound (D:4)
  An iguana (D:4)
  3 sheep (Lair:8)
  3 orcs
  A goblin (Bailey)
14 creatures vanquished.

Vanquished Creatures (others)
  A death yak (Lair:4)
  A troll (D:9)
  3 yaks
  A hippogriff (Lair:8)
  A water moccasin (Lair:5)
  An orc warrior (D:9)
  3 wolves (Lair:8)
  A giant frog (D:9)
  A crimson imp (D:11)
  2 orc priests
  A centaur skeleton (D:9)
  A hound (D:9)
  An iguana (Lair:8)
  A worker ant (D:9)
  An adder (D:9)
  A river rat (Lair:3)
  A jackal (D:9)
  A bush (D:9)
  49 fungi
  39 plants
111 creatures vanquished.

Grand Total: 1102 creatures vanquished

Notes
Turn   | Place    | Note
--------------------------------------------------------------
     0 | D:1      | Gorice the Mummy Chaos Knight began the quest for the Orb.
     0 | D:1      | Reached XP level 1. HP: 18/18 MP: 1/1
   156 | D:1      | Reached XP level 2. HP: 23/24 MP: 2/2
   164 | D:1      | Reached skill level 3 in Maces & Flails
   201 | D:1      | XOM: cast spell 'Olgreb's Toxic Radiance'
   457 | D:1      | Reached XP level 3. HP: 27/29 MP: 3/3
   638 | D:1      | XOM: divination: magic mapping
   683 | D:1      | XOM: silly message
   688 | D:1      | XOM: vitrification
   857 | D:1      | XOM: divination: magic mapping
   884 | D:2      | XOM: enchant monster (good)
  1008 | D:2      | Reached skill level 4 in Maces & Flails
  1008 | D:2      | Reached XP level 4. HP: 35/35 MP: 4/4
  1015 | D:2      | XOM: colour smoke trail
  1489 | D:2      | XOM: scenery: create altars
  1532 | D:2      | Found a basalt altar of Yredelemnul.
  1535 | D:2      | Noticed a profane servitor
  1542 | D:2      | Found a glowing golden altar of the Shining One.
  1544 | D:2      | Noticed an angel
  1799 | D:2      | Reached XP level 5. HP: 41/41 MP: 5/5
  1861 | D:3      | Reached skill level 5 in Maces & Flails
  2220 | D:3      | XOM: 5-stop teleportation journey
  2331 | D:3      | XOM: medium Erth miscast
  2363 | D:3      | XOM: enchant monster (bad)
  2376 | D:3      | XOM: swap monsters
  2613 | D:3      | XOM: enchant monster (bad)
  2618 | D:3      | Reached XP level 6. HP: 47/47 MP: 6/6
  2693 | D:3      | Noticed Crazy Yiuf
  2705 | D:3      | Killed Crazy Yiuf
  2869 | D:3      | XOM: chaos upgrade
  2979 | D:4      | Reached skill level 6 in Maces & Flails
  3043 | D:4      | XOM: cast spell 'Summon Hydra'
  3207 | D:4      | XOM: summons 5 friendly demons
  3312 | D:4      | XOM: noise
  3317 | D:4      | XOM: 3-stop teleportation journey
  3358 | D:4      | XOM: colour smoke trail
  3540 | D:4      | XOM: noise
  3678 | D:5      | Entered Level 5 of the Dungeon
  3691 | D:5      | Reached XP level 7. HP: 46/52 MP: 7/7
  3733 | D:5      | Reached skill level 7 in Maces & Flails
  3761 | D:5      | XOM is BORED!
  3821 | D:5      | Found a bloodstained altar of Trog.
  3825 | D:5      | XOM: confuse monster(s)
  3926 | D:5      | Found a staircase to the Ecumenical Temple.
  4038 | D:5      | XOM: swap monsters
  4262 | D:5      | Reached skill level 8 in Maces & Flails
  4416 | D:5      | Upgraded the game from 0.19-a0-291-ga637243 to 0.19-a0-328-g3707654
  4444 | D:5      | Reached XP level 8. HP: 58/58 MP: 8/8
  4463 | D:5      | XOM: mild Pois miscast
  4871 | D:6      | Found a sparkling altar of Nemelex Xobeh.
  4871 | D:6      | Found a stormy altar of Qazlal.
  4872 | D:6      | Found a hazy altar of Hepliaklqana.
  5097 | D:6      | Noticed Sigmund
  5173 | D:5      | Reached skill level 9 in Maces & Flails
  5301 | D:6      | XOM: chaos cloud
  5561 | D:7      | Identified a -1 rod of clouds (5/11) {!a} (You took it off an orc on level 7 of the Dungeon)
  5605 | D:7      | Noticed Menkaure
  5606 | D:7      | XOM: scenery: create altars
  5619 | D:7      | Killed Menkaure
  5650 | D:7      | XOM: colour smoke trail
  5695 | D:7      | Found an opulent altar of Gozag.
  5698 | D:7      | XOM: 10-stop teleportation journey
  5780 | D:7      | XOM: mild Necr miscast
  5912 | D:7      | Reached skill level 10 in Maces & Flails
  5953 | D:7      | Found a shadowy altar of Dithmenos.
  6110 | D:7      | XOM: noise
  6175 | D:7      | Found a sacrificial altar of Ru.
  6298 | D:7      | Noticed a slime creature
  6315 | D:7      | XOM: butterfly on damage
  6316 | D:7      | Killed a slime creature
  6316 | D:7      | Reached XP level 9. HP: 39/63 MP: 9/9
  6344 | D:7      | XOM: colour smoke trail
  6359 | D:7      | HP: 18/63 [slime creature (11)]
  6728 | D:6      | XOM: harmless Pois miscast
  6754 | D:7      | XOM: summons 2 friendly demons
  6789 | D:7      | XOM: blink monster(s)
  6790 | D:7      | Found a bloodstained altar of Trog.
  6807 | D:7      | XOM: divination: detect creatures
  6808 | D:7      | Reached skill level 11 in Maces & Flails
  6854 | D:7      | XOM: 1-stop teleportation journey
  7295 | D:8      | Noticed Maurice
  7304 | D:8      | Killed Maurice
  7355 | D:8      | Found a staircase to the Lair.
  7383 | D:8      | XOM: enchant monster (good)
  7445 | D:8      | XOM: chaos cloud
  7454 | D:8      | Reached skill level 12 in Maces & Flails
  7560 | D:8      | XOM: 1-stop teleportation journey
  7600 | D:8      | XOM: mild Conj miscast
  7697 | D:8      | Got a pitted hunting sling
  7698 | D:8      | Identified the cursed +2 hunting sling of Bloodstone {flame, *Contam MR+ Str+4} (You found it on level 8 of the Dungeon)
  7780 | D:8      | XOM: vitrification
  7851 | D:8      | XOM: summons 4 friendly demons
  7903 | Lair:1   | Entered Level 1 of the Lair of Beasts
  7911 | Lair:1   | Noticed a black mamba
  7916 | Lair:1   | XOM: swap monsters
  7931 | Lair:1   | Killed a black mamba
  7931 | Lair:1   | Reached skill level 2 in Armour
  7931 | Lair:1   | Reached XP level 10. HP: 29/70 MP: 10/10
  7953 | D:8      | XOM is BORED!
  7953 | D:8      | XOM: medium Chrm miscast
  8186 | Lair:1   | XOM: noise
  8237 | Lair:1   | XOM: confusion
  8302 | Lair:1   | Got a spiked chain mail
  8303 | Lair:1   | Identified the +0 chain mail "Geakkouq" {*Contam Str+6 SInv} (You found it on level 1 of the Lair of Beasts)
  8403 | Lair:1   | Reached skill level 4 in Fighting
  8403 | Lair:1   | Reached skill level 3 in Armour
  8553 | Lair:1   | XOM: medium Tmut miscast
  8565 | Lair:1   | XOM: divine lightning (protected)
  8574 | Lair:1   | XOM: noise
  8577 | Lair:1   | XOM: stat loss: -1 Str (17/18)
  8578 | Lair:1   | Reached skill level 4 in Armour
  8671 | Lair:1   | XOM: scenery: create altars
  8742 | Lair:1   | XOM: scenery: create altars
  8795 | Lair:1   | XOM: vitrification
  8797 | Lair:1   | Reached skill level 5 in Fighting
  8798 | Lair:1   | XOM: harmless Necr miscast
  9284 | Lair:2   | XOM: potion effect (invisibility)
  9291 | Lair:1   | XOM: potion effect (invisibility)
  9307 | Lair:1   | Reached skill level 5 in Armour
  9513 | Lair:1   | XOM: divination: magic mapping
  9751 | Lair:1   | XOM: potion effect (might)
  9942 | Lair:1   | XOM: potion effect (curing)
 10059 | Lair:1   | XOM: harmless Air miscast
 10060 | Lair:1   | Reached skill level 6 in Fighting
 10060 | Lair:1   | Reached skill level 6 in Armour
 10317 | Lair:2   | XOM: cast spell 'Summon Butterflies'
 10377 | Lair:2   | Noticed a spiny frog
 10384 | Lair:2   | XOM: cast spell 'Dispersal'
 10392 | Lair:2   | XOM: harmless Pois miscast
 10395 | Lair:2   | Killed a spiny frog
 10395 | Lair:2   | Reached XP level 11. HP: 78/81 MP: 11/11
 10623 | Lair:2   | Noticed a seven-headed hydra
 10628 | Lair:2   | XOM: summons 6 friendly demons
 10642 | Lair:2   | XOM is BORED!
 10642 | Lair:2   | XOM: enchant monster (bad)
 10645 | Lair:2   | XOM: summons friendly ufetubus
 11027 | Lair:2   | Reached skill level 7 in Armour
 11136 | Lair:2   | XOM: medium Divn miscast
 11477 | Lair:3   | Found a labyrinth entrance.
 11501 | Lab      | Entered a labyrinth
 11525 | Lab      | Noticed a minotaur
 11526 | Lab      | XOM: divination: detect creatures
 11533 | Lab      | HP: 13/83 [minotaur (24)]
 11533 | Lab      | HP: 3/83 [minotaur (10)]
 11534 | Lab      | XOM: noise
 11535 | Lab      | XOM: confuse monster(s)
 11690 | Lab      | XOM: harmless Divn miscast
 11791 | Lab      | XOM: divination: detect creatures
 11892 | Lab      | XOM: harmless Divn miscast
 11896 | Lab      | XOM: summons friendly shadow imp
 11916 | Lab      | XOM: enchant monster (good)
 12068 | Lab      | XOM: divination: detect items
 12083 | Lab      | XOM: scenery: create altars
 12087 | Lab      | XOM: vitrification
 12092 | Lab      | Reached skill level 7 in Fighting
 12155 | Lab      | Killed a minotaur
 12298 | Lair:3   | Found a stormy altar of Qazlal.
 12298 | Lair:3   | XOM: 8-stop teleportation journey
 12300 | Lair:3   | XOM: destruction
 12312 | Lair:3   | XOM: smoke on damage
 12314 | Lair:3   | XOM: vitrification
 12396 | Lair:3   | Reached skill level 8 in Armour
 12566 | Lair:3   | XOM: vitrification
 12680 | Lair:3   | Noticed Urug
 12705 | Lair:3   | HP: 19/84 [Urug/war axe (15)]
 12708 | Lair:3   | XOM: enchant monster (good)
 12835 | Lair:3   | HP: 23/85 [yak (5)]
 12843 | Lair:3   | XOM: summons 2 friendly demons
 12868 | Lair:3   | HP: 25/85 [yak (6)]
 12965 | Lair:3   | XOM: god gift: flail {god gift}
 13049 | Lair:3   | XOM: god gift: 2 coppery potions {god gift}
 13125 | Lair:3   | XOM is BORED!
 13125 | Lair:3   | XOM: summons 2 hostile shadow creatures
 13143 | Lair:3   | XOM: confuse monster(s)
 13144 | Lair:3   | Reached skill level 1 in Evocations
 13264 | Lair:3   | XOM: divination: detect items
 13354 | Lair:3   | XOM: enchant monster (bad)
 13359 | Lair:3   | Reached skill level 8 in Fighting
 13511 | Lair:3   | XOM: summons friendly crimson imp
 13638 | Lair:3   | XOM: confuse monster(s)
 13668 | Lair:3   | XOM: potion effect (agility)
 13683 | Lair:3   | Reached skill level 9 in Armour
 13822 | Lair:2   | XOM: summons friendly quasit
 13954 | Lair:2   | XOM: fog
 14136 | Lair:1   | XOM: colour smoke trail
 14392 | D:9      | XOM: potion effect (heal wounds)
 14402 | D:9      | XOM: god gift: 16 gold pieces {god gift}
 14408 | D:9      | XOM: divination: detect items
 14411 | D:9      | Reached skill level 2 in Evocations
 14419 | D:9      | XOM: cast spell 'Cause Fear'
 14438 | D:9      | Found a flagged portal.
 14735 | D:9      | XOM: harmless Ice miscast
 14741 | D:9      | Reached XP level 12. HP: 85/94 MP: 13/13
 14753 | Bailey   | Entered a bailey
 14780 | Bailey   | Noticed an orc warlord
 15003 | Bailey   | Found a runed gate.
 15004 | Bailey   | Found a runed gate.
 15005 | Bailey   | Found a runed gate.
 15014 | Bailey   | XOM: summons friendly iron imp
 15252 | Bailey   | XOM: confuse monster(s)
 15256 | Bailey   | XOM: summons 3 friendly demons
 15282 | Bailey   | XOM: summons 3 hostile shadow creatures
 15480 | D:9      | XOM: smoke on damage
 15687 | D:8      | XOM: harmless Tloc miscast
 15913 | D:8      | Identified a scroll of acquirement
 15979 | D:9      | XOM: harmless Hex miscast
 16084 | D:9      | Found a shimmering altar of Xom.
 16107 | D:9      | XOM: 11-stop teleportation journey
 16209 | D:9      | XOM: god gift: 3 golden potions {god gift}
 16227 | D:9      | XOM: scenery: create altars
 16369 | D:9      | XOM: scenery: 1 doors close
 16395 | D:9      | Reached skill level 3 in Evocations
 16420 | D:9      | XOM: harmless Tmut miscast
 16678 | D:10     | Entered Level 10 of the Dungeon
 16702 | D:10     | XOM: potion effect (agility)
 16718 | D:9      | XOM: potion effect (heal wounds)
 16974 | D:9      | XOM: polymorph yak -> harpy
 17315 | D:10     | XOM: summons friendly iron imp
 17328 | D:10     | Reached skill level 9 in Fighting
 17655 | D:10     | Reached skill level 4 in Evocations
 17710 | D:10     | HP: 26/95 [electric eel/bolt of electricity (8)]
 17836 | D:10     | XOM: god gift: 5 fruits
 18042 | D:10     | XOM: summons 4 friendly demons
 18074 | D:10     | XOM: swap monsters
 18094 | D:10     | XOM: divination: detect creatures
 18264 | D:10     | XOM: polymorph orc -> rat
 18271 | D:10     | XOM: scenery: 2 doors close
 18282 | D:10     | Reached skill level 10 in Armour
 18487 | D:10     | XOM: fake destruction
 18506 | D:10     | XOM: swap monsters
 18516 | D:10     | HP: 25/96 [orc warrior/halberd (9)]
 18520 | D:10     | HP: 9/96 [orc priest/divine providence (17)]
 18956 | Lair:1   | XOM: god gift: 29 stones
 19064 | D:10     | XOM: god gift: 19 gold pieces {god gift}
 19113 | D:10     | XOM: scenery: 1 doors close
 19138 | D:10     | XOM: summons 5 hostile demons
 19150 | D:10     | HP: 23/96 [sixfirhy[Xom] (7)]
 19252 | D:9      | XOM: silly message
 19620 | D:10     | XOM: harmless Tloc miscast
 19794 | D:10     | Found a staircase to the Orcish Mines.
 20145 | Orc:1    | Entered Level 1 of the Orcish Mines
 20145 | Orc:1    | Noticed an orc high priest
 20150 | D:10     | XOM: polymorph warg -> rime drake
 20321 | Orc:1    | XOM: severe Pois miscast
 20414 | Orc:1    | XOM: chaos cloud
 20423 | Orc:1    | Killed an orc high priest
 20452 | Orc:1    | XOM: polymorph orc wizard -> swamp drake
 20516 | Orc:1    | XOM: medium Chrm miscast
 20540 | Orc:1    | Reached skill level 5 in Evocations
 20628 | Orc:1    | XOM: harmless Ice miscast
 20634 | Orc:1    | XOM: stat loss: -1 Str (18/19)
 20654 | Orc:1    | XOM: summons 3 hostile shadow creatures
 20660 | Orc:1    | HP: 24/97 [orc knight/great sword[Xom] (10)]
 20865 | Orc:1    | XOM: divination: magic mapping
 20967 | Orc:1    | XOM: silly message
 20971 | Orc:1    | XOM: harmless Air miscast
 21097 | Orc:1    | XOM: harmless Air miscast
 21099 | Orc:1    | XOM: divination: detect creatures
 21538 | Orc:1    | Found Wyleamex's Gadget Boutique.
 21555 | Orc:1    | Bought a wand of heal wounds (3/9) for 630 gold pieces
 21593 | Orc:2    | Entered Level 2 of the Orcish Mines
 21630 | Orc:2    | Reached skill level 10 in Fighting
 21631 | Orc:2    | XOM: divination: detect items
 21686 | Orc:2    | Found Yhusahe's Antique Armour Shop.
 21689 | Orc:2    | Bought a pitted cloak for 275 gold pieces
 21699 | Orc:2    | Identified the cursed +0 cloak of Yredelemnul's Favour {MP+9 Str+2 Int+6 Dex-4} (You bought it in a shop on level 2 of the Orcish Mines)
 21799 | Orc:2    | Found a roughly hewn altar of Beogh.
 21882 | Orc:2    | XOM: scenery: create altars
 21889 | Orc:2    | XOM: summons friendly white imp
 22138 | Orc:2    | XOM: enchant monster (good)
 22147 | Orc:2    | XOM: noise
 22206 | Orc:2    | XOM: noise
 22207 | Orc:2    | XOM: medium Pois miscast
 22209 | Orc:2    | XOM: smoke on damage
 22217 | Orc:2    | XOM: summons friendly crimson imp
 22323 | Orc:2    | XOM: potion effect (brilliance)
 22328 | Orc:1    | XOM: enchant monster (good)
 22338 | Orc:2    | Noticed an orc high priest
 22343 | Orc:1    | XOM: chaos cloud
 22365 | Orc:1    | HP: 27/97 [orc warrior/mace (7)]
 22391 | Orc:1    | XOM: god gift: scroll labeled BIZEIPPURPH {god gift}
 22581 | Orc:1    | XOM: summons friendly quasit
 22609 | Orc:1    | XOM: mild Ice miscast
 22782 | Orc:1    | XOM: divination: detect items
 22813 | Orc:1    | XOM: harmless Chrm miscast
 23017 | Orc:1    | XOM: severe Tloc miscast
 23056 | Orc:2    | Killed an orc high priest
 23071 | Orc:2    | Gained mutation: You are in touch with the powers of death. [Mummy growth]
 23071 | Orc:2    | Gained mutation: You can restore your body by infusing magical energy. [Mummy growth]
 23071 | Orc:2    | Reached XP level 13. HP: 73/103 MP: 17/17
 23110 | Orc:2    | Noticed Saint Roka
 23112 | Orc:2    | XOM: polymorph orc warrior -> sky beast
 23146 | Orc:1    | XOM: harmless Erth miscast
 23151 | Orc:1    | XOM: confusion (+ monsters)
 23470 | D:11     | Noticed Harold
 23487 | D:11     | XOM: summons 5 hostile shadow creatures
 23599 | D:10     | XOM: noise
 23642 | D:11     | Killed Harold
 23706 | D:11     | XOM: summons friendly iron imp
 23708 | D:11     | XOM: summons 1 friendly demon
 23710 | D:11     | XOM: confuse monster(s)
 23923 | D:11     | Noticed Sonja
 23925 | D:11     | Noticed Fannar
 23927 | D:11     | XOM: cast spell 'Metabolic Englaciation'
 23957 | D:11     | XOM: blink monster(s)
 23968 | D:11     | XOM: fog
 23980 | D:11     | XOM: potion effect (might)
 23985 | D:11     | Killed Sonja
 23985 | D:11     | Reached skill level 6 in Evocations
 24100 | D:11     | XOM: potion effect (agility)
 24365 | D:11     | Found a sparkling altar of Nemelex Xobeh.
 24409 | D:11     | Noticed Psyche
 24417 | D:11     | Killed Psyche
 24446 | D:11     | XOM: god gift: 24 stones
 24465 | D:11     | Noticed Grum
 24494 | D:11     | Killed Grum
 24525 | D:11     | Noticed Erica
 24552 | D:11     | Killed Erica
 24869 | D:11     | XOM: vitrification
 24946 | D:11     | XOM: mild Conj miscast
 24984 | D:11     | XOM: colour smoke trail
 25056 | D:11     | Reached skill level 11 in Armour
 25105 | D:11     | Found Lulorox's Book Emporium.
 25108 | D:11     | Noticed Snorg
 25131 | D:11     | HP: 26/103 [Snorg (7)]
 25143 | D:11     | HP: 28/105 [Snorg (11)]
 25143 | D:11     | HP: 12/105 [Snorg (16)]
 25152 | D:11     | Killed Snorg
 25473 | D:10     | XOM: vitrification
 25483 | D:11     | XOM: enchant monster (good)
 25484 | D:11     | XOM: scenery: 1 doors close
 25561 | D:11     | XOM: harmless Tmut miscast
 25762 | D:11     | XOM: god gift: 2 javelins of returning
 25937 | Lair:2   | XOM: divination: detect items
 25949 | Lair:2   | Reached skill level 11 in Fighting
 26215 | Lair:3   | XOM: summons friendly shadow imp
 26334 | Lair:3   | XOM: enchant monster (good)
 26752 | Lair:4   | XOM: scenery: create altars
 26753 | Lair:4   | XOM: polymorph river rat -> ball python
 26972 | Orc:2    | Bought a pair of smoking gloves for 275 gold pieces
 26972 | Orc:2    | Bought a pair of runed gloves for 130 gold pieces
 26993 | Orc:2    | Identified the +1 pair of gloves "Kiomm" {*Drain rC+ MR+ Stlth+} (You bought it in a shop on level 2 of the Orcish Mines)
 27482 | Lair:4   | XOM: harmless Divn miscast
 27499 | Lair:4   | Upgraded the game from 0.19-a0-328-g3707654 to 0.19-a0-330-g034cfd4
 27554 | Lair:4   | Reached skill level 7 in Evocations
 27565 | Lair:4   | XOM: divination: detect items
 27579 | Lair:4   | XOM: swap monsters
 27580 | Lair:4   | XOM: enchant monster (bad)
 27599 | Lair:4   | XOM: cast spell 'Warp Weapon'
 27615 | Lair:4   | HP: 30/106 [soldier ant (9)]
 27621 | Lair:4   | HP: 29/106 [giant frog (3)]
 27626 | Lair:4   | HP: 25/106 [electric eel/bolt of electricity (5)]
 27633 | Lair:4   | HP: 13/106 [giant frog (4)]
 27639 | Lair:4   | HP: 16/106 [five-headed hydra (6)]
 28231 | Lair:4   | XOM: cast spell 'Summon Butterflies'
 28281 | Lair:4   | XOM: silly message
 28378 | Lair:4   | XOM: 4-stop teleportation journey
 28400 | Lair:4   | XOM: chaos cloud
 28403 | Lair:4   | XOM: 1-stop teleportation journey
 28539 | Lair:4   | XOM: mild Chrm miscast
 28548 | Lair:4   | XOM: enchant monster (bad)
 28554 | Lair:4   | XOM: scenery: 2 doors open
 28564 | Lair:4   | XOM: noise
 28710 | Lair:4   | Killed Urug
 28760 | Lair:4   | XOM: harmless Summ miscast
 28916 | Lair:4   | XOM: summons 6 hostile demons
 29411 | Lair:4   | XOM: harmless Ice miscast
 29478 | Lair:4   | XOM: polymorph worker ant -> jelly
 29800 | Lair:4   | XOM: enchant monster (bad)
 29818 | Lair:4   | HP: 11/107 [komodo dragon (24)]
 30122 | Lair:4   | XOM: summons 5 hostile shadow creatures
 30319 | Lair:4   | XOM: harmless Fire miscast
 30771 | Lair:5   | XOM: 1-stop teleportation journey
 30775 | Lair:5   | XOM: enchant monster (bad)
 30780 | Lair:5   | Noticed a dire elephant
 30780 | Lair:5   | a death yak changed into a dire elephant
 30780 | Lair:5   | XOM: polymorph death yak -> dire elephant
 30785 | Lair:5   | XOM: harmless Pois miscast
 30787 | Lair:5   | XOM: blink monster(s)
 30798 | Lair:5   | XOM: divine lightning
 30800 | Lair:5   | XOM: harmless Tmut miscast
 30811 | Lair:5   | XOM: harmless Summ miscast
 30877 | Lair:4   | XOM: enchant monster (good)
 30886 | Lair:4   | XOM: divine lightning (protected)
 30958 | Lair:5   | XOM: fog
 30970 | Lair:5   | XOM: destruction
 30976 | Lair:5   | XOM: swap monsters
 30988 | Lair:5   | XOM: summons 8 friendly demons
 31013 | Lair:5   | Reached XP level 14. HP: 105/114 MP: 19/19
 31048 | Lair:5   | Found a dark tunnel.
 31067 | Volcano  | Entered a volcano
 31099 | Volcano  | Reached skill level 12 in Fighting
 31108 | Volcano  | XOM: cast spell 'Summon Butterflies'
 31125 | Volcano  | XOM: 2-stop teleportation journey
 31208 | Volcano  | XOM: stat loss: -1 Dex (11/12)
 31233 | Volcano  | XOM: harmless Necr miscast
 31537 | Lair:5   | Reached skill level 8 in Evocations
 31806 | Lair:5   | XOM: noise
 31928 | Lair:5   | XOM: harmless Divn miscast
 32499 | Lair:6   | XOM: enchant monster (bad)
 32505 | Lair:6   | XOM: mild Fire miscast
 32727 | Lair:6   | Found a staircase to the Swamp.
 32756 | Lair:6   | Reached skill level 12 in Armour
 32762 | Lair:6   | XOM: repel stairs
 32764 | Lair:6   | XOM: blink monster(s)
 32798 | Lair:5   | XOM is BORED!
 32798 | Lair:5   | XOM: mild Necr miscast
 32841 | Lair:6   | XOM: 2-stop teleportation journey
 32843 | Lair:6   | Found a staircase to the Snake Pit.
 32851 | Lair:6   | XOM: noise
 33253 | Lair:6   | XOM: 1-stop teleportation journey
 33268 | Lair:6   | XOM: god gift: sedimented brown potion {god gift}
 33302 | Lair:6   | XOM: god gift: knobbly runed rod {god gift}
 33304 | Lair:6   | Identified a +3 rod of clouds (9/9) (Xom gifted it to you on level 6 of the Lair of Beasts)
 33694 | Lair:6   | XOM: harmless Summ miscast
 33728 | Lair:6   | Found a staircase to the Slime Pits.
 33805 | Lair:6   | Noticed Nessos
 33808 | Lair:6   | XOM: potion effect (brilliance)
 33847 | Lair:6   | Killed Nessos
 34028 | Lair:6   | XOM: polymorph death yak -> death yak
 34132 | Lair:6   | XOM: enchant monster (good)
 34135 | Lair:6   | XOM: god gift: short lead wand {god gift}
 34173 | Lair:6   | XOM: noise
 34315 | Lair:7   | XOM: summons 7 friendly demons
 34318 | Lair:7   | XOM: potion effect (brilliance)
 34403 | Lair:7   | XOM: confuse monster(s)
 34772 | Lair:7   | XOM: vitrification
 34779 | Lair:7   | XOM: cast spell 'Olgreb's Toxic Radiance'
 34792 | Lair:7   | XOM: potion effect (brilliance)
 34800 | Lair:7   | XOM: harmless Chrm miscast
 34808 | Lair:7   | Reached skill level 9 in Evocations
 34920 | Lair:7   | XOM: cast spell 'Summon Mana Viper'
 35063 | Lair:7   | XOM: confuse monster(s)
 35066 | Lair:7   | XOM: summons friendly crimson imp
 35069 | Lair:7   | XOM: vitrification
 35186 | Lair:7   | XOM: blink monster(s)
 35196 | Lair:7   | XOM: confuse monster(s)
 35310 | Lair:7   | XOM: destruction
 35420 | Lair:6   | XOM: colour smoke trail
 35687 | Lair:7   | XOM: summons 7 hostile demons
 35701 | Lair:7   | Reached skill level 13 in Fighting
 35872 | Lair:7   | XOM: colour smoke trail
 36025 | Lair:7   | XOM: fake destruction
 36109 | Lair:8   | Entered Level 8 of the Lair of Beasts
 36135 | Lair:7   | XOM: divination: detect creatures
 36226 | Lair:8   | XOM: polymorph spiny frog -> yak
 36269 | Lair:8   | XOM: confuse monster(s)
 36278 | Lair:7   | XOM: potion effect (heal wounds)
 36375 | Lair:8   | XOM: fake destruction
 36448 | Lair:8   | XOM: divination: detect creatures
 36468 | Lair:8   | XOM: cast spell 'Chain of Chaos'
 36473 | Lair:8   | XOM: destruction
 36910 | Lair:8   | XOM: harmless Erth miscast
 37076 | Lair:8   | XOM: 5-stop teleportation journey
 37089 | Lair:8   | XOM: polymorph river rat -> goblin
 37098 | Lair:8   | XOM: scenery: create altars
 37125 | Lair:8   | XOM: vitrification
 37143 | Lair:8   | XOM: divine lightning (protected)
 37181 | Lair:8   | XOM: enchant monster (good)
 37204 | Lair:8   | XOM: enchant monster (bad)
 37428 | Lair:7   | XOM: harmless Summ miscast
 37565 | Lair:8   | XOM: confusion
 37647 | Lair:8   | HP: 35/118 [catoblepas (12)]
 37652 | Lair:8   | Noticed a frost giant
 37652 | Lair:8   | a catoblepas changed into a frost giant
 37652 | Lair:8   | XOM: polymorph catoblepas -> frost giant
 37652 | Lair:8   | HP: 25/118 [frost giant/bolt of cold (11)]
 37654 | Lair:8   | HP: 12/118 [frost giant/bolt of cold (14)]
 37970 | Lair:1   | XOM: summons 7 hostile demons
 38000 | Lair:1   | XOM: mild Ice miscast
 38208 | D:11     | Killed Fannar
 38304 | D:12     | XOM: enchant monster (bad)
 38310 | D:12     | XOM: enchant monster (bad)
 38401 | D:12     | Noticed Frances
 38420 | D:12     | XOM: mild Tloc miscast
 38425 | D:12     | XOM: 3-stop teleportation journey
 38426 | D:12     | XOM: confuse monster(s)
 38427 | D:12     | XOM: fog
 38464 | D:12     | XOM: summons friendly iron imp
 38471 | D:12     | XOM: medium Fire miscast
 38484 | D:12     | Killed Frances
 38484 | D:12     | Reached XP level 15. HP: 43/124 MP: 15/22
 39014 | D:11     | XOM: colour smoke trail
 39052 | D:11     | XOM: noise
 39314 | D:12     | XOM: mild Air miscast
 39325 | D:12     | XOM: enchant monster (bad)
 39337 | D:12     | Reached skill level 13 in Armour
 39489 | D:10     | XOM: summons 1 hostile shadow creature
 39598 | Lair:2   | XOM is BORED!
 39633 | Lair:5   | XOM: polymorph water moccasin -> wind drake
 39737 | Lair:8   | XOM: blink monster(s)
 39766 | Lair:8   | Noticed an acid blob
 39766 | Lair:8   | a frost giant changed into an acid blob
 39766 | Lair:8   | XOM: polymorph frost giant -> acid blob
 39768 | Lair:8   | XOM: confusion
 39779 | Lair:8   | HP: 30/124 [acid (8)]
 40216 | Lair:8   | XOM: noise
 40223 | Lair:8   | XOM: summons friendly ufetubus
 40235 | Lair:8   | XOM: swap monsters
 40238 | Lair:8   | XOM: swap monsters
 40240 | Lair:8   | XOM: polymorph worm -> water moccasin
 40244 | Lair:8   | XOM: polymorph water moccasin -> mottled dragon
 40547 | Lair:8   | Killed an acid blob
 40965 | Lair:8   | XOM: enchant monster (bad)
 40974 | Lair:8   | XOM: divine lightning
 40982 | Lair:8   | XOM: blink monster(s)
 40989 | Lair:8   | XOM: summons friendly shadow imp
 41018 | Lair:8   | XOM: potion effect (agility)
 41275 | Lair:7   | XOM: harmless Chrm miscast
 41427 | Lair:8   | Reached skill level 10 in Evocations
 41437 | Lair:8   | XOM: 3-stop teleportation journey
 41684 | Lair:8   | XOM: summons friendly quasit
 41826 | Lair:8   | XOM: scenery: create altars
 41838 | Lair:8   | XOM: scenery: create altars
 41906 | Lair:8   | XOM is BORED!
 41906 | Lair:8   | XOM: severe Hex miscast
 42140 | Lair:8   | Found a runed door.
 42145 | Lair:8   | XOM: scenery: 1 doors open
 42158 | Lair:8   | XOM: scenery: create altars
 42556 | Lair:8   | Reached skill level 14 in Fighting
 42618 | Lair:8   | XOM: vitrification
 42620 | Lair:8   | XOM: enchant monster (good)
 42622 | Lair:8   | XOM: potion effect (heal wounds)
 42658 | Lair:8   | XOM: summons friendly quasit
 42660 | Lair:8   | XOM: fake destruction
 42677 | Lair:8   | XOM: smoke on damage
 43058 | Lair:8   | XOM: swap monsters
 43159 | Lair:4   | XOM: scenery: create altars
 43448 | D:12     | XOM: summons 7 hostile demons
 43624 | D:11     | XOM: mild Tloc miscast
 43675 | D:11     | XOM: god gift: 9 gold pieces {god gift}
 44012 | D:13     | XOM: harmless Chrm miscast
 44063 | D:13     | Found a deep blue altar of Sif Muna.
 44098 | D:13     | XOM: divination: magic mapping
 44219 | D:13     | XOM: vitrification
 44220 | D:13     | XOM: scenery: 1 doors open
 44226 | D:13     | XOM: cast spell 'Summon Hydra'
 44263 | D:13     | XOM: confuse monster(s)
 44572 | D:13     | XOM: cast spell 'Metabolic Englaciation'
 44609 | D:13     | XOM: divination: magic mapping
 44614 | D:12     | XOM: confusion
 44635 | D:12     | XOM: confuse monster(s)
 44713 | D:12     | XOM: mild Conj miscast
 44729 | D:12     | XOM: god gift: 7 poisoned javelins
 44912 | D:13     | XOM: scenery: 2 doors close
 45123 | Orc:2    | XOM: divination: detect creatures
 45155 | Orc:2    | Noticed Josephine
 45158 | Orc:2    | XOM: confusion
 45311 | Orc:1    | XOM: harmless Conj miscast
 45363 | Orc:2    | Killed Josephine
 45447 | Orc:2    | Found a staircase to the Elven Halls.
 45478 | Orc:2    | XOM: mild Summ miscast
 45662 | Orc:2    | XOM: divination: detect creatures
 46280 | Orc:2    | Found a roughly hewn altar of Beogh.
 46290 | Orc:2    | Found Tuiqu's Antique Armour Shoppe.
 46355 | Orc:2    | Found a roughly hewn altar of Beogh.
 46387 | Orc:2    | Found Dieconoj's Armour Shop.
 46392 | Orc:2    | Bought the +6 plate armour "Umirphear" {Int+7 Stlth+} for 1395 gold pieces
 46437 | Orc:2    | XOM: god gift: scroll of enchant armour
 46489 | Orc:2    | Found a roughly hewn altar of Beogh.
 46631 | Orc:2    | Noticed an orc warlord
 46661 | Orc:2    | XOM: confuse monster(s)
 46666 | Orc:2    | XOM: noise
 46669 | Orc:2    | XOM: cast spell 'Leda's Liquefaction'
 46684 | Orc:2    | XOM: noise
 46690 | Orc:2    | HP: 31/127 [Saint Roka/divine providence (11)]
 46691 | Orc:2    | Slain by an orc warlord

Vault maps used:
D:1:      sevenhm_arrival_forest_fort_large_2, serial_forest,
          infiniplex_forest_clump_curved, infiniplex_forest_join,
          infiniplex_forest_straight_2, infiniplex_forest_straight_2
D:2:      grunt_temple_overflow_holy_war, lexackson_kobold_supper
D:3:      uniq_crazy_yiuf_cottage
D:4:      first_bread, hangedman_abyss_or_decor_passed
D:5:      minmay_temple_entry_trees, basic_altar
D:6:      gammafunk_temple_overflow_claw, serial_glass, glass_columns_b,
          glass_columns_a, glass_columns_c, glass_columns_b, glass_columns_c,
          glass_columns_b, glass_columns_c, glass_columns_a, uniq_sigmund
D:7:      nicolae_ru_the_path_less_chosen, grunt_gozag_breadcrumbs,
          lemuel_coloured_pillars_altar, trog_ov_bears_minmay, uniq_menkaure
D:8:      lair_0_dummy, uniq_maurice
D:9:      xom_confusion_cloud, enter_bailey_2, kb_lookout_dungeons_type
D:10:     erik_orc_2, serial_park_tiny_1
D:11:     serial_shops, nicolae_shop_behind_doors, basic_altar, uniq_erica,
          uniq_fannar, uniq_snorg, uniq_harold, uniq_grum, uniq_sonja,
          uniq_psyche
D:12:     uniq_frances
D:13:     basic_altar
Lair:1:   st_stairs_6, grunt_megastairs_4
Lair:3:   lab_entry_generic, basic_altar, grunt_megastairs_1, uniq_urug
Lair:4:   nicolae_quartered_pool_super, minivault_29, grunt_megastairs_5,
          serial_bayou_shore_a, lemuel_fruit_fields, serial_bayou_shore_b
Lair:5:   nicolae_volcano_entry_two_sided
Lair:6:   swamp_mist_pool, guppyfry_snake_entry_island,
          minmay_slime_entry_pillars, uniq_nessos
Lair:8:   guppyfry_lair_end_dragon, wormcave, grunt_megastairs_2
Orc:1:    serial_shops, nicolae_shop_stone
Orc:2:    grunt_orc_community_town_hall, grunt_orc_community_big_house_1,
          grunt_orc_community_big_house_2, grunt_orc_community_house_3,
          grunt_orc_community_house_2, grunt_orc_community_house_1,
          grunt_orc_community_house_3, serial_shops, nicolae_shop_behind_doors,
          uniq_josephine, uniq_saint_roka
Lab:      nicolae_lab_dead_adventurers, nicolae_lab_dead_end, nicolae_lab_arrow,
          nicolae_lab_very_dead_end, nicolae_lab_do_over, nicolae_lab_hexagon
Bailey:   bailey_axe_bossmonster_kennysheep, bailey
Volcano:  volcano_pools

Skill      XL: |  1  2  3  4  5  6  7  8  9 10 11 12 13 14 15 |
---------------+----------------------------------------------+-----
Maces & Flails | 3 4 5 6 8 10 12 | 12.0
Armour         | 2 6 9 10 11 12 13 | 13.7
Fighting       | 6 8 10 11 13 14 | 14.6
Evocations     | 2 5 7 9 10 | 10.0
Dodging        | |  0.7

Action                   |  1- 3 |  4- 6 |  7- 9 | 10-12 | 13-15 || total
-------------------------+-------+-------+-------+-------+-------++-------
Melee: Mace              |   105 |    49 |    13 |     6 |    34 ||   207
       Whip              |       |   276 |   419 |  1543 |  3150 ||  5388
       Great mace        |       |       |       |       |    15 ||    15
 Fire: Blowgun           |       |       |       |       |     7 ||     7
Throw: Stone             |    15 |     5 |     5 |     7 |       ||    32
       Tomahawk          |       |    18 |    42 |    24 |     5 ||    89
       Throwing net      |       |     1 |       |       |     2 ||     3
       Javelin           |       |       |       |       |    14 ||    14
Evoke: Wand              |       |       |     2 |    37 |    21 ||    60
       Rod               |       |       |       |     1 |     7 ||     8
       Lamp of fire      |       |       |       |       |     2 ||     2
       Sack of spiders   |       |       |       |       |     1 ||     1
       Box of beasts     |       |       |       |       |     1 ||     1
  Use: Scroll            |       |     9 |     7 |    19 |    15 ||    50
 Stab: Sleeping          |       |     1 |       |       |       ||     1
       Paralysed         |       |       |     6 |    13 |     6 ||    25
       Invisible         |       |       |       |     4 |       ||     4
       Confused          |       |       |       |     4 |     9 ||    13
       Petrified         |       |       |       |     1 |     8 ||     9
       Petrifying        |       |       |       |       |     2 ||     2
       Distracted        |       |       |       |       |     1 ||     1
Armor: Leather armour    |    51 |    50 |       |       |       ||   101
       Ring mail         |       |    27 |       |       |    20 ||    47
       Chain mail        |       |    17 |    34 |       |       ||    51
       Plate armour      |       |       |   163 |   828 |  1583 ||  2574
Dodge: Dodged            |    60 |   126 |    75 |   344 |   751 ||  1356

Table legend:
 A = Turns spent in this place as a percentage of turns spent in the entire game.
 B = Non-inter-level travel turns spent in this place as a percentage of non-inter-level travel turns spent in the entire game.
 C = Inter-level travel turns spent in this place as a percentage of turns spent in this place.
 D = Turns resting spent in this place as a percentage of non-inter-level travel turns spent in this place.
 E = Turns spent auto-exploring this place as a percentage of non-inter-level travel turns spent in this place.
 F = Non-inter-level travel turns spent in this place divided by the number of levels of this place that you've seen.
                   A       B       C       D       E      F
               +-------+-------+-------+-------+-------+----------------------
         Total | 100.0 | 100.0 |   0.7 |   3.4 |   3.3 | 686.3
       Dungeon |  38.2 |  38.2 |   0.6 |   3.0 |   5.4 | 524.1
          Lair |  44.3 |  44.2 |   0.8 |   3.8 |   2.4 | 985.9
  Orcish Mines |  11.9 |  11.9 |   0.4 |   3.9 |   1.3 | 1063.5
     Labyrinth |   1.8 |   1.8 |   0.0 |   3.8 |   0.0 | 316.0
        Bailey |   2.4 |   2.4 |   0.0 |   1.8 |   0.0 | 437.0
       Volcano |   1.5 |   1.5 |   0.0 |   0.0 |   0.4 | 263.0
               +-------+-------+-------+-------+-------+----------------------

Vault maps used:
D:1:      sevenhm_arrival_forest_fort_large_2, serial_forest,
          infiniplex_forest_clump_curved, infiniplex_forest_join,
          infiniplex_forest_straight_2, infiniplex_forest_straight_2
D:2:      grunt_temple_overflow_holy_war, lexackson_kobold_supper
D:3:      uniq_crazy_yiuf_cottage
D:4:      first_bread, hangedman_abyss_or_decor_passed
D:5:      minmay_temple_entry_trees, basic_altar
D:6:      gammafunk_temple_overflow_claw, serial_glass, glass_columns_b,
          glass_columns_a, glass_columns_c, glass_columns_b, glass_columns_c,
          glass_columns_b, glass_columns_c, glass_columns_a, uniq_sigmund
D:7:      nicolae_ru_the_path_less_chosen, grunt_gozag_breadcrumbs,
          lemuel_coloured_pillars_altar, trog_ov_bears_minmay, uniq_menkaure
D:8:      lair_0_dummy, uniq_maurice
D:9:      xom_confusion_cloud, enter_bailey_2, kb_lookout_dungeons_type
D:10:     erik_orc_2, serial_park_tiny_1
D:11:     serial_shops, nicolae_shop_behind_doors, basic_altar, uniq_erica,
          uniq_fannar, uniq_snorg, uniq_harold, uniq_grum, uniq_sonja,
          uniq_psyche
D:12:     uniq_frances
D:13:     basic_altar
Lair:1:   st_stairs_6, grunt_megastairs_4
Lair:3:   lab_entry_generic, basic_altar, grunt_megastairs_1, uniq_urug
Lair:4:   nicolae_quartered_pool_super, minivault_29, grunt_megastairs_5,
          serial_bayou_shore_a, lemuel_fruit_fields, serial_bayou_shore_b
Lair:5:   nicolae_volcano_entry_two_sided
Lair:6:   swamp_mist_pool, guppyfry_snake_entry_island,
          minmay_slime_entry_pillars, uniq_nessos
Lair:8:   guppyfry_lair_end_dragon, wormcave, grunt_megastairs_2
Orc:1:    serial_shops, nicolae_shop_stone
Orc:2:    grunt_orc_community_town_hall, grunt_orc_community_big_house_1,
          grunt_orc_community_big_house_2, grunt_orc_community_house_3,
          grunt_orc_community_house_2, grunt_orc_community_house_1,
          grunt_orc_community_house_3, serial_shops, nicolae_shop_behind_doors,
          uniq_josephine, uniq_saint_roka
Lab:      nicolae_lab_dead_adventurers, nicolae_lab_dead_end, nicolae_lab_arrow,
          nicolae_lab_very_dead_end, nicolae_lab_do_over, nicolae_lab_hexagon
Bailey:   bailey_axe_bossmonster_kennysheep, bailey
Volcano:  volcano_pools
